 Dungeon Crawl Stone Soup version 0.19-a0-1922-g1e9a4c1 (webtiles) character file.

6605 Lochraine the Conjurer (level 11, -1/60 HPs)
             Began as a Gargoyle Fighter on Oct 24, 2016.
             Was a Priest of Ru.
             Slain by a white ugly thing (11 damage)
             ... on level 10 of the Dungeon.
             The game lasted 00:39:59 (8700 turns).

Lochraine the Conjurer (Gargoyle Fighter)           Turns: 8700, Time: 00:40:00

Health: -1/60      AC: 23    Str: 20    XL:     11   Next: 2%
Magic:  19/19      EV:  8    Int: 12    God:    Ru [***...]
Gold:   464        SH: 10    Dex:  9    Spells: 3 memorised, 13 levels left

rFire  x . .     SeeInvis +     G - +1 mace (venom)
rCold  + . .     Gourm    .     x - +5 ring mail of the Wumpus {Regen+ rCorr Stlth-}
rNeg   + . .     Faith    .     c - +0 shield
rPois  ∞         Spirit   .     o - +2 helmet
rElec  +         Reflect  .     d - +0 cloak
rCorr  +         Harm     .     u - +0 pair of gloves
MR     .....                    (no boots)
Stlth  ..........               i - amulet of regeneration
                                n - ring of ice
                                S - ring of see invisible

@: exhausted, about to teleport, very slightly contaminated, drained
A: negative energy resistance 1, electricity resistance, unbreathing,
petrification resistance, rot immunity, no stealth, hated by all, unskilled 1,
AC +7
a: Draw Out Power, Renounce Religion


You were on level 10 of the Dungeon.
You worshipped Ru.
Ru was most pleased with you.
You were not hungry.

You visited 1 branch of the dungeon, and saw 10 of its levels.

You collected 464 gold pieces.

Inventory:

Hand Weapons
 a - a +0 flail
 A - a +0 dire flail
 G - a +1 mace of venom (weapon)
Armour
 b - a +0 scale mail
 c - a +0 shield (worn)
 d - a +0 cloak (worn)
 k - a +0 ring mail
 o - a +2 helmet (worn)
 u - a +0 pair of gloves (worn)
 x - the +5 ring mail of the Wumpus (worn) {Regen+ rCorr Stlth-}
   (You found it on level 4 of the Dungeon)

   It increases your rate of regeneration.
   It protects you from acid and corrosion.
   It makes you less stealthy.
Magical Staves
 t - an uncursed staff of conjuration
Jewellery
 i - an amulet of regeneration (around neck)
 n - a ring of ice (right hand)
 q - an uncursed amulet of the gourmand {unknown}
 S - a ring of see invisible (left hand)
Wands
 m - a wand of lightning (0/15)
 H - a wand of lightning (2/15)
 L - a wand of disintegration (3/24)
Scrolls
 g - a scroll of amnesia
 j - 8 scrolls of remove curse
 p - a scroll of immolation {unknown}
 r - 3 scrolls of teleportation
 C - a scroll of fog {unknown}
 F - a scroll of acquirement {unknown}
 I - 2 scrolls of identify
 J - a scroll of enchant weapon {unknown}
 O - a scroll of magic mapping
Potions
 h - a potion of degeneration
 w - a potion of invisibility
 z - a potion of curing
 D - a potion of haste {unknown}
 E - 2 potions of mutation {unknown}
 K - 2 potions of heal wounds {unknown}
 Q - a potion of resistance {unknown}
Books
 v - a book of Minor Magic

   Spells                             Type                      Level
   a - Magic Dart                     Conjuration                  1
   b - Blink                          Translocation                2
   c - Call Imp                       Summoning                    2
   d - Repel Missiles                 Charms/Air                   2
   e - Slow                           Hexes                        2
   f - Conjure Flame                  Conjuration/Fire             3
   g - Mephitic Cloud                 Conjuration/Poison/Air       3
 y - a book of Misfortune

   Spells                             Type                      Level
   a - Confusing Touch                Hexes                        1
   b - Confuse                        Hexes                        3
   c - Gell's Gravitas                Hexes/Translocation          3
   d - Petrify                        Transmutation/Earth          4
   e - Metabolic Englaciation         Hexes/Ice                    5
   f - Yara's Violent Unravelling     Hexes/Transmutation          5
 M - a book of Enchantments

   Spells                             Type                      Level
   a - Cause Fear                     Hexes                        4
   b - Yara's Violent Unravelling     Hexes/Transmutation          5
   c - Silence                        Hexes/Air                    5
   d - Deflect Missiles               Charms/Air                   6
   e - Discord                        Hexes                        8
 N - a book of Geomancy

   Spells                             Type                      Level
   a - Sandblast                      Earth                        1
   b - Passwall                       Transmutation/Earth          2
   c - Stone Arrow                    Conjuration/Earth            3
   d - Petrify                        Transmutation/Earth          4
   e - Lee's Rapid Deconstruction     Earth                        5
Comestibles
 f - 5 bread rations
 l - 7 meat rations
 s - 7 beef jerkies
 B - a slice of pizza
 P - 10 royal jellies
 R - 6 chunks of flesh


   Skills:
 - Level 3.0(2.6) Fighting
 - Level 6.4(6.0) Maces & Flails
 - Level 3.0(2.6) Armour
 - Level 0.2(0.0) Dodging
 + Level 6.5(6.1) Shields
 + Level 5.4(5.1) Spellcasting
 + Level 7.2(6.9) Conjurations
 - Level 3.7(3.3) Air Magic
 * Level 6.4(6.0) Earth Magic
 - Level 4.6(4.3) Poison Magic


You had 13 spell levels left.
You knew the following spells:

 Your Spells              Type           Power        Failure   Level  Hunger
a - Mephitic Cloud        Conj/Pois/Air  ##......     43%         3    ###....
b - Magic Dart            Conj           ###.         8%          1    None
c - Stone Arrow           Conj/Erth      ###...       24%         3    ###....


Dungeon Overview and Level Annotations

Branches:
Dungeon (10/15)            Temple (0/1) D:6
   Lair: D:8-11         Orc: D:9-12

Altars:
Cheibriados
Elyvilon
Ru
Sif Muna
Zin
The Shining One

Shops:
D:6 }   D:9 (


Innate Abilities, Weirdness & Mutations

You are resistant to torment.
Your stone body is resilient. (AC +7)
You are immune to poison.
You resist negative energy. (rN+)
You are resistant to electric shocks. (rElec)
You can survive without breathing.
You are immune to petrification.
You are immune to rotting.
You cannot be stealthy.
You are hated by all.
You are somewhat unskilled. (-1 Apt)


Message History

You feel drained.
The white ugly thing tail-slaps you but does no damage.
The troll closely misses you. The troll claws you!
You block the troll's attack.
Evoke which item? (* to show all) (? for menu, Esc to quit)
Zapping:
H - a wand of lightning {zapped: 5} (will waste charges)
Press: ? - help, Shift-Dir - straight line You hear a mighty clap of thunder!
The bolt of lightning misses the troll.
The bolt of lightning misses the death knight.
The bolt of lightning hits the death knight.
The death knight is lightly wounded.
Evoking this partially-identified wand wasted a few charges.
You hear a bark!
The death knight hits you from afar with a glaive!!
* * * LOW HITPOINT WARNING * * *
The white ugly thing tail-slaps you.
* * * LOW HITPOINT WARNING * * *
The white ugly thing freezes you! You resist.
You die...

#>...##...#..p....#
########....##.#########.#
#......'....##...#.......#
..######..>.##.#.#####.###
#....##.#.#.. #.#.#
####'##.#.#.###.#.#
#...##.#.#.#.p...#
##.######.#.#.########
#..# #@Tp..#........#
###'#####u###.#.######.#
#......##.. #...#
#......##.#.#'###
#....).##.#.#..(#
#.)<)..##.# #...#
#.)))..##)# #####
#......##.# #......#


You could see a death knight (blind), a white ugly thing and a troll.

Vanquished Creatures
  Erolcha (D:9)
  A hill giant (D:9)
  Grinder (D:5)
  2 trolls (D:9)
  2 hippogriffs
  Sigmund (D:5)
  Menkaure (D:4)
  3 hungry ghosts
  2 orc warriors
  3 sky beasts
  An ogre (D:4)
  3 phantoms
  7 centaurs
  A crocodile (D:8)
  Blork the orc (D:6)
  5 bullfrogs
  A wyvern zombie (D:7)
  2 scorpions
  A water moccasin skeleton (D:4)
  6 killer bees (D:8)
  3 wights
  A howler monkey (D:8)
  2 electric eels (D:9)
  4 crimson imps
  3 hounds
  4 jellies
  9 orc wizards
  5 orc priests
  3 bullfrog skeletons
  2 iguanas
  11 worker ants
  2 worker ant zombies
  15 adders
  3 shadow imps (D:6)
  6 oozes
  An adder zombie (D:7)
  A worm (D:4)
  3 dart slugs
  4 leopard geckos
  31 orcs
  5 giant cockroaches
  10 goblins
  8 hobgoblins
  13 jackals
  5 quokkas
  2 ball pythons
  A ball python skeleton (D:4)
  17 bats
  5 frilled lizards
  A jackal skeleton (D:6)
  11 kobolds
  A quokka skeleton (D:5)
  25 rats
262 creatures vanquished.

Vanquished Creatures (others)
  An adder (D:5)
1 creature vanquished.

Grand Total: 263 creatures vanquished

Notes
Turn   | Place    | Note
-------+----------+-------------------------------------------
     0 | D:1      | Lochraine the Gargoyle Fighter began the quest for the Orb.
     0 | D:1      | Reached XP level 1. HP: 14/14 MP: 1/1
    96 | D:1      | Reached XP level 2. HP: 15/19 MP: 2/2
   500 | D:1      | Reached XP level 3. HP: 22/23 MP: 3/3
  1133 | D:2      | Found a faded altar of an unknown god.
  1627 | D:2      | Reached XP level 4. HP: 28/28 MP: 4/4
  2005 | D:3      | Reached XP level 5. HP: 25/32 MP: 5/5
  2080 | D:3      | Reached skill level 5 in Maces & Flails
  2126 | D:3      | Found a glowing golden altar of the Shining One.
  2211 | D:3      | Found a deep blue altar of Sif Muna.
  2211 | D:3      | Found a white marble altar of Elyvilon.
  2212 | D:3      | Found a glowing silver altar of Zin.
  2216 | D:3      | Found a sacrificial altar of Ru.
  2224 | D:3      | Became a worshipper of Ru the Awakened
  2709 | D:3      | Reached XP level 6. HP: 37/37 MP: 6/6
  3390 | D:4      | Reached XP level 7. HP: 39/41 MP: 7/7
  3445 | D:4      | Gained mutation: You are hated by all. [Ru sacrifice]
  3445 | D:4      | Reached * piety under Ru
  3473 | D:4      | Learned a level 3 spell: Mephitic Cloud
  3487 | D:4      | Got a scorched ring mail
  3498 | D:4      | Identified the +5 ring mail of the Wumpus {Regen+ rCorr Stlth-} (You found it on level 4 of the Dungeon)
  3640 | D:4      | Reached skill level 1 in Conjurations
  3700 | D:4      | Noticed Menkaure
  3736 | D:4      | Killed Menkaure
  3736 | D:4      | Reached skill level 1 in Spellcasting
  3736 | D:4      | Reached skill level 1 in Air Magic
  3736 | D:4      | Reached skill level 1 in Poison Magic
  3792 | D:4      | Reached skill level 2 in Conjurations
  4031 | D:5      | Entered Level 5 of the Dungeon
  4043 | D:5      | Reached XP level 8. HP: 46/46 MP: 10/10
  4108 | D:5      | Noticed Grinder
  4137 | D:5      | Killed Grinder
  4137 | D:5      | Reached skill level 3 in Conjurations
  4235 | D:5      | Reached skill level 5 in Shields
  4693 | D:5      | Noticed Sigmund
  4710 | D:4      | Reached skill level 4 in Conjurations
  4774 | D:5      | Killed Sigmund
  4774 | D:5      | Reached XP level 9. HP: 51/51 MP: 14/14
  5018 | D:6      | Learned a level 1 spell: Magic Dart
  5034 | D:6      | Found Turoonua's Gadget Emporium.
  5199 | D:6      | Noticed Blork the orc
  5233 | D:6      | Killed Blork the orc
  5233 | D:6      | Reached skill level 5 in Conjurations
  5314 | D:6      | Found a staircase to the Ecumenical Temple.
  5432 | D:6      | Gained mutation: You are somewhat unskilled. (-1 Apt) [Ru sacrifice]
  5432 | D:6      | Reduced skill Conjurations to level 4
  5432 | D:6      | Reached ** piety under Ru
  5432 | D:6      | Reached *** piety under Ru
  5624 | D:7      | Reached skill level 5 in Conjurations
  5655 | D:7      | Found a white marble altar of Elyvilon.
  5876 | D:7      | Learned a level 3 spell: Stone Arrow
  6393 | D:8      | Reached skill level 1 in Earth Magic
  6473 | D:8      | Reached skill level 6 in Conjurations
  6608 | D:8      | Reached XP level 10. HP: 56/56 MP: 16/16
  7310 | D:9      | Noticed Erolcha
  7492 | D:9      | Killed Erolcha
  7492 | D:9      | Reached skill level 5 in Spellcasting
  7492 | D:9      | Reached skill level 5 in Earth Magic
  7560 | D:9      | Found Syarrot's Weapon Emporium.
  7688 | D:9      | Gained mutation: You cannot be stealthy. [Ru sacrifice]
  7972 | D:9      | Paralysed by fainting for 7 turns
  7982 | D:9      | Reached skill level 7 in Conjurations
  8028 | D:9      | Noticed a hill giant
  8051 | D:9      | Killed a hill giant
  8253 | D:9      | Found a snail-covered altar of Cheibriados.
  8294 | D:9      | Reached XP level 11. HP: 47/60 MP: 19/19
  8497 | D:10     | Entered Level 10 of the Dungeon
  8672 | D:10     | Noticed a death knight
  8697 | D:10     | Noticed a white ugly thing
  8700 | D:10     | Slain by a white ugly thing

Vault maps used:
D:1:      dpeg_arrival_fog
D:2:      ecumenical_altar_2, kennysheep_generic_room_5
D:3:      minitemple, minmay_rat_hole
D:4:      first_bread, lightli_sewer_entry_pipes, uniq_menkaure
D:5:      serial_glass, glass_columns_a, glass_columns_a,
          roderic_chinese_pattern_swastika, uniq_grinder, uniq_sigmund
D:6:      serial_shops, shop_statue, uniq_blork_the_orc
D:7:      elyvilon_altar_4
D:8:      hangedman_little_slice_of_home
D:9:      nicolae_overflow_crystal_walls, serial_shops, shop,
          minmay_crystal_room, evilmike_butchery, uniq_erolcha
D:10:     erik_lair_dragon, wad_mini_maze

Skill      XL: |  1  2  3  4  5  6  7  8  9 10 |
---------------+-------------------------------+-----
Shields        | 4 5 6 |  6.5
Maces & Flails | 3 4 5 7 6 |  6.4
Conjurations   | 2 4 6 7 |  7.2
Spellcasting   | 1 3 4 5 |  5.4
Air Magic      | 1 3 |  3.7
Poison Magic   | 2 3 4 |  4.6
Earth Magic    | 1 6 |  6.4
Fighting       | |  3.0
Armour         | |  3.0
Dodging        | |  0.2

Action                   |  1- 3 |  4- 6 |  7- 9 | 10-12 || total
-------------------------+-------+-------+-------+-------++-------
Melee: Flail             |   177 |   282 |   371 |       ||   830
       Mace              |       |       |   189 |   294 ||   483
Invok: Sacrifice Love    |       |       |     1 |       ||     1
       Sacrifice Skill   |       |       |     1 |       ||     1
       Sacrifice Stealth |       |       |       |     1 ||     1
       Draw Out Power    |       |       |       |     1 ||     1
Evoke: Wand              |       |     1 |     3 |     6 ||    10
  Use: Potion            |     1 |     1 |       |     1 ||     3
       Scroll            |       |     6 |     3 |     6 ||    15
 Stab: Distracted        |       |       |     2 |       ||     2
       Invisible         |       |       |     1 |       ||     1
  Eat: Chunk             |     3 |     6 |    13 |    12 ||    34
       Beef jerky        |       |       |     1 |     2 ||     3
Armor: Scale mail        |   147 |   205 |    14 |       ||   366
       Ring mail         |       |       |   266 |   171 ||   437
Dodge: Dodged            |    94 |    91 |   145 |    86 ||   416
Block: Shield            |   136 |   186 |   215 |   139 ||   676
